Map: Jagannatha LE

Players

DnS - Winner!

  • Race: Protoss Protoss

Lilbow

  • Race: Protoss Protoss

Event: DreamHack SC2 Masters 2021 Winter

VOD

Have the link to the VOD?

Description

Time

  • Played on: Oct. 8, 2021, 12:02 p.m.
  • Length: 9:17

All games in this series

Show
View Real Time Build Order
Export as new Build Order

DnS Protoss - Winner!

Build Orders:  

Get SALT Encoding   

  12  0:00  Probe  
  13  0:12  Probe  
  14  0:17  Pylon  
  14  0:24  Probe (Chrono Boost)  
  15  0:36  Probe (Chrono Boost)  
  15  0:37  Gateway  
  16  0:44  Probe (Chrono Boost)  
  16  0:46  Assimilator  
  17  0:51  Probe  
  17  0:55  Assimilator  
  18  1:03  Probe (Chrono Boost)  
  19  1:08  Gateway  
  19  1:13  Probe (Chrono Boost)  
  19  1:18  Probe (Chrono Boost)  
  21  1:25  Cybernetics Core  
  21  1:29  Probe  
  22  1:36  Pylon  
  22  1:42  Probe  
  23  1:54  Probe  
  24  2:02  Stalker  
  24  2:04  Stalker, Warp Gate (Chrono Boost)  
  24  2:06  Probe  
  29  2:16  Pylon  
  29  2:28  Pylon  
  29  2:34  Adept x2  
  33  3:00  Nexus  
  33  3:05  Adept  
  33  3:09  Adept  
  37  3:16  Pylon  
  37  3:19  Probe  
  38  3:28  Shield Battery  
  38  3:34  Probe  
  39  3:46  Adept x2, Probe  
  44  3:56  Twilight Council  
  44  3:58  Probe  
  45  4:10  Sentry, Forge  
  45  4:13  Sentry  
  49  4:17  Probe (Chrono Boost)  
  49  4:23  Probe (Chrono Boost)  
  51  4:30  Probe (Chrono Boost)  
  52  4:34  Probe (Chrono Boost)  
  52  4:36  Probe (Chrono Boost)  
  52  4:37  Blink (Chrono Boost)  
  50  4:38  Probe (Chrono Boost)  
  50  4:44  Probe (Chrono Boost)  
  52  4:49  Probe (Chrono Boost)  
  49  4:55  Protoss Ground Weapons Level 1  
  49  4:58  Sentry  
  49  4:59  Stalker  
  51  5:01  Probe (Chrono Boost)  
  51  5:02  Probe (Chrono Boost)  
  51  5:06  Probe (Chrono Boost)  
  51  5:07  Robotics Facility  
  51  5:08  Assimilator, Probe (Chrono Boost)  
  51  5:13  Shield Battery  
  53  5:15  Probe  
  54  5:22  Stalker x2  
  54  5:28  Probe x2  
  54  5:46  Stalker  
  54  5:47  Stalker  
  58  5:51  Gateway  
  58  5:52  Gateway, Probe  
  58  5:53  Probe  
  58  5:55  Observer  
  61  5:57  Phoenix  
  61  6:03  Nexus  
  61  6:06  Pylon  
  61  6:15  Pylon  
  61  6:22  Warp Prism (Chrono Boost)  
  61  6:24  Stalker  
  61  6:25  Stalker  
  67  6:28  Probe  
  67  6:29  Probe  
  69  6:33  Pylon  
  69  6:39  Gateway  
  69  6:45  Gateway  
  69  6:50  Stalker, Gateway  
  71  6:55  Stalker  
  71  6:58  Stalker  
  75  7:02  Stalker  
  75  7:05  Pylon  
  77  7:14  Probe x2  
  77  7:15  Stalker  
  81  7:19  Stalker  
  81  7:27  Probe x2  
  81  7:28  Probe  
  81  7:29  Stalker  
  86  7:30  Stalker  
  86  7:36  Dark Shrine  
  88  7:41  Shield Battery  
  88  7:42  Stalker  
  90  7:51  Observer  
  90  7:54  Stalker x3  
  86  7:59  Stalker  
  86  8:02  Stalker  
  86  8:04  Zealot  
  88  8:07  Probe x3  
  88  8:09  Shield Battery  
  88  8:11  Stalker  
  93  8:23  Stalker  
  93  8:24  Stalker  
  97  8:27  Zealot x4  
  97  8:33  Assimilator  
  105  8:35  Pylon  
  105  8:36  Pylon  
  105  8:39  Immortal (Chrono Boost)  
  109  8:55  Dark Templar x2  
  111  9:00  Pylon  
  111  9:01  Pylon x2  
  109  9:10  Zealot x3  
Show
View Real Time Build Order
Export as new Build Order

Lilbow Protoss 

Build Orders: Phoenix Opening 

Get SALT Encoding   

  12  0:00  Probe  
  13  0:12  Probe  
  14  0:17  Pylon  
  14  0:24  Probe (Chrono Boost)  
  16  0:36  Probe (Chrono Boost)  
  16  0:38  Gateway  
  16  0:43  Probe (Chrono Boost)  
  16  0:46  Assimilator  
  17  0:50  Probe  
  18  1:03  Probe (Chrono Boost)  
  19  1:04  Assimilator  
  20  1:12  Gateway, Probe (Chrono Boost)  
  20  1:17  Probe (Chrono Boost)  
  20  1:25  Cybernetics Core  
  21  1:29  Probe  
  22  1:37  Pylon  
  22  1:41  Probe  
  23  1:56  Probe  
  24  2:01  Stalker  
  24  2:02  Stalker  
  24  2:03  Warp Gate  
  28  2:20  Pylon  
  28  2:28  Pylon  
  28  2:32  Sentry  
  30  2:45  Nexus  
  30  2:49  Probe  
  31  2:52  Sentry  
  33  3:01  Probe (Chrono Boost)  
  33  3:05  Shield Battery  
  34  3:08  Sentry  
  34  3:11  Probe (Chrono Boost)  
  37  3:16  Probe (Chrono Boost), Pylon  
  37  3:17  Phoenix  
  38  3:27  Probe (Chrono Boost)  
  38  3:29  Twilight Council  
  39  3:36  Probe (Chrono Boost)  
  39  3:40  Forge  
  40  3:42  Probe  
  42  3:57  Probe (Chrono Boost)  
  42  3:58  Probe (Chrono Boost)  
  43  4:07  Probe (Chrono Boost)  
  43  4:09  Stalker x2, Probe (Chrono Boost)  
  49  4:16  Probe  
  49  4:18  Probe  
  43  4:37  Stalker x2, Probe  
  43  4:38  Blink, Probe  
  44  4:50  Probe (Chrono Boost)  
  43  4:54  Probe (Chrono Boost)  
  42  5:01  Probe (Chrono Boost)  
  42  5:02  Stalker x2  
  42  5:06  Probe (Chrono Boost)  
  47  5:10  Probe (Chrono Boost)  
  49  5:14  Probe (Chrono Boost)  
  49  5:18  Protoss Ground Weapons Level 1  
  49  5:19  Probe x2 (Chrono Boost)  
  51  5:28  Probe x2  
  53  5:42  Probe  
  50  5:47  Probe  
  50  5:49  Nexus  
  47  5:52  Assimilator  
  47  5:54  Probe  
  48  5:59  Robotics Facility  
  48  6:00  Probe (Chrono Boost), Pylon  
  49  6:06  Probe (Chrono Boost)  
  49  6:08  Gateway  
  49  6:09  Gateway  
  51  6:12  Probe (Chrono Boost)  
  51  6:17  Probe (Chrono Boost)  
  52  6:19  Stalker x2, Probe (Chrono Boost)  
  52  6:22  Probe (Chrono Boost)  
  58  6:26  Probe  
  58  6:30  Gateway  
  58  6:31  Gateway  
  59  6:33  Probe  
  59  6:38  Probe  
  61  6:42  Stalker x2  
  61  6:45  Warp Prism (Chrono Boost)  
  67  6:54  Pylon  
  67  7:03  Stalker x2  
  67  7:05  Stalker x2  
  75  7:13  Gateway  
  75  7:26  Stalker  
  75  7:27  Stalker x3  
  75  7:29  Stalker  
  85  7:30  Stalker  
  87  7:39  Pylon  
  87  7:41  Pylon  
  87  7:50  Stalker x3  
  93  7:53  Warp Prism (Chrono Boost)  
  85  8:03  Stalker x5  
  93  8:11  Stalker x2  
  97  8:35  Stalker x3  
  97  8:36  Zealot x3  
  105  9:00  Stalker x2  
  97  9:11  Zealot x3  

Tags
 
Add a new tag
Caveats
  • Supply blocks, unpowered buildings, or Contaminate may cause inaccurate times.
  • Supply counts are checked every 10 seconds.